 Seeded DCSS version 0.28-a0-1447-ga5a8893891 (webtiles) character file.

Game seed: 20220111 (custom seed)

27 flotson the Chopper (level 2, -1/22 HPs)
             Began as a Demonspawn Gladiator on Jan 11, 2022.
             Succumbed to an adder's poison
             ... on level 2 of the Dungeon.
             The game lasted 00:01:19 (1487 turns).

flotson the Chopper (Demonspawn Gladiator)          Turns: 1487, Time: 00:01:19

Health: -1/22      AC:  6    Str: 14    XL:     2   Next: 93%
Magic:  2/2        EV: 13    Int:  9    God:
Gold:   45         SH:  0    Dex: 14    Spells: 1/1 levels left

rFire   . . .      SeeInvis .   b - +0 trident
rCold   . . .      Faith    .   (no shield)
rNeg    . . .      Spirit   .   g - +0 ring mail
rPois   .          Reflect  .   c - +0 helmet
rElec   .          Harm     .   (no cloak)
rCorr   .          Rampage  .   (no gloves)
Will    .....                   (no boots)
Stlth   +.........              (no amulet)
HPRegen 0.07/turn               (no ring)
MPRegen 0.08/turn               (no ring)

@: lethally poisoned (-1 -> -8)
A: repulsion field 1
a: no special abilities


You were on level 2 of the Dungeon.
You visited 1 branch of the dungeon, and saw 2 of its levels.

You collected 45 gold pieces.

Inventory:

Hand Weapons
 a - a +0 war axe
 b - a +0 trident (weapon)
Missiles
 d - 5 throwing nets (quivered)
Armour
 c - a +0 helmet (worn)
 g - a +0 ring mail (worn)
Scrolls
 f - a scroll of identify {unknown}
 i - a scroll of fog {unknown}
 k - a scroll of fear {unknown}
Potions
 e - 2 potions of cancellation {unknown}
 h - a potion of attraction {unknown}
 j - a potion of ambrosia {unknown}


   Skills:
 + Level 2.3 Fighting
 + Level 3.0 Axes
 + Level 2.1 Throwing
 + Level 0.8 Armour
 + Level 2.9 Dodging


You had one spell level left.
You didn't know any spells.
Your spell library contained the following spells:

 Spells                   Type           Power      Damage    Failure   Level
 Corpse Rot               Necr/Air       0%         N/A       77%         2
 Poisonous Vapours        Pois/Air       0%         N/A       77%         2
 Frozen Ramparts          Ice            0%         1d2       94%         3
 Ice Form                 Ice/Tmut       0%         N/A       100%        4
 Summon Ice Beast         Ice/Summ       0%         N/A       100%        4


Dungeon Overview and Level Annotations

Branches:
Dungeon (2/15)

Altars:


Innate Abilities, Weirdness & Mutations

You are surrounded by a mild repulsion field. (EV +2)


Message History

You hit the adder but do no damage.
The adder is severely wounded.
The adder misses you.
You barely miss the adder.
The adder is severely wounded.
The adder barely misses you. The adder bites you but does no damage.
You barely miss the adder.
The adder is heavily wounded.
The adder bites you.
You barely miss the adder.
The adder is heavily wounded.
The adder bites you.
You are poisoned.
The adder poisons you! The adder bites you.
You are more poisoned.
The adder poisons you!
You miss the adder.
The adder is heavily wounded.
You feel very sick. The adder bites you but does no damage.
The adder bites you.
You are lethally poisoned!
The adder poisons you!
You closely miss the adder.
The adder is heavily wounded.
* * * LOW HITPOINT WARNING * * *
You feel very sick. The adder closely misses you.
You hit the adder but do no damage.
The adder is heavily wounded.
* * * LOW HITPOINT WARNING * * *
You feel very sick. The adder barely misses you.
The adder bites you but does no damage.
Unknown command.
You closely miss the adder.
The adder is heavily wounded.
* * * LOW HITPOINT WARNING * * *
You feel sick. The adder bites you but does no damage.
You hit the adder but do no damage.
The adder is heavily wounded.
You die...

#.#.#..............
#.#.#.####.#####.#. #
#.#.#..............
#.#.#.#...##.#####.#.
#.#.#.#...##.# #.#.
#.....#...##.# #.#.
#######.###.#.##.#
###.##
........###.#....#
#.....
########@.#.#..###
#.#.## #S.#.##.#
#....# ...#.##.##
#...)# ##.##.##..#
#....# #.##.###.##
#....# #.# #..#
#..<.' #.#
##.###....# #.#
#..##..... ##.####.##


You could see an adder.

Vanquished Creatures
  3 endoplasms
  3 goblins (D:1)
  2 hobgoblins
  2 kobolds (D:1)
  2 quokkas (D:1)
  2 ball pythons
  3 bats (D:1)
  4 frilled lizards
  4 rats
25 creatures vanquished.

Notes
Turn   | Place    | Note
-------+----------+-------------------------------------------
     0 | D:1      | flotson the Demonspawn Gladiator began the quest for the
                  | Orb.
     0 | D:1      | Reached XP level 1. HP: 16/16 MP: 1/1
   390 | D:1      | Gained mutation: You are surrounded by a mild repulsion
                  | field. (EV +2) [demonic ancestry]
   390 | D:1      | Reached XP level 2. HP: 22/22 MP: 2/2
   675 | D:1      | Found a faded altar of an unknown god.
  1465 | D:2      | Reached skill level 3 in Axes
  1486 | D:2      | HP: 1/22 [poisoned by an adder]
  1487 | D:2      | Succumbed to an adder's poison

Illustrated notes

Levels and vault maps discovered:
D:1:      dpeg_arrival_more_subterranean_lakeside_camping, layout_basic,
          dreamdust_ecumenical_altar_statues
D:2:      layout_basic

Skill      XL: |  1  2 |
---------------+-------+-----
Throwing       | 2 |  2.1
Axes           | 3 |  3.0
Fighting       | |  2.3
Armour         | |  0.8
Dodging        | |  2.9

Action                   || total
-------------------------++-------
Melee: War axe           ||    67
       Trident           ||    13
Armor: Ring mail         ||    33
       Leather armour    ||     6
Dodge: Dodged            ||    57

Table legend: (Time is in decaauts)
 A = Elapsed time spent in this place.
 B = Non-inter-level travel time spent in this place.
 C = Inter-level travel time spent in this place.
 D = Time resting spent in this place.
 E = Time spent auto-exploring this place.
 F = Levels seen in this place.
 G = Mean time per level.
                   A        B        C        D        E       F      G
               +--------+--------+--------+--------+--------+-----+--------+
         Total |   1513 |   1486 |     27 |      0 |   1260 |   2 |  756.5 |
       Dungeon |   1513 |   1486 |     27 |      0 |   1260 |   2 |  756.5 |
               +--------+--------+--------+--------+--------+-----+--------+

Top non-repeatable levels by time:
     D:1: 1112 daAuts
     D:2: 401 daAuts
